 Dungeon Crawl Stone Soup version 0.22-a0-136-g83a10e5 (webtiles) character file.

126 mhoghedin the Chiller (level 4, -3/33 HPs)
             Began as a Draconian Ice Elementalist on Feb 3, 2018.
             Was a Believer of Cheibriados.
             Slain by a bullfrog (4 damage)
             ... on level 3 of the Dungeon.
             The game lasted 00:05:36 (1855 turns).

mhoghedin the Chiller (Draconian Ice Elementalist)  Turns: 1855, Time: 00:05:36

Health: -3/33      AC:  5    Str: 17    XL:     4   Next: 83%
Magic:  1/9        EV: 17    Int: 21    God:    Cheibriados [**....]
Gold:   69         SH:  0    Dex: 20    Spells: 4/10 levels left

rFire    . . .     SeeInvis .   q - +1 dagger (pain)
rCold    . . .     Gourm    .   (no shield)
rNeg     . . .     Faith    .   (armour unavailable)
rPois    .         Spirit   .   (helmet restricted)
rElec    .         Reflect  .   (no cloak)
rCorr    .         Harm     .   (no gloves)
MR       .....                  (no boots)
Stlth    +++.......             (no amulet)
HPRegen  0.11/turn              k - +3 ring of strength
MPRegen  0.11/turn              (no ring)

@: agile, about to teleport, very slow
A: unfitting armour, cold-blooded, AC +5
a: Bend Time, Renounce Religion


You were on level 3 of the Dungeon.
You worshipped Cheibriados.
Cheibriados was pleased with you.
You were hungry.

You visited 1 branch of the dungeon, and saw 3 of its levels.

You collected 69 gold pieces.

Inventory:

Hand Weapons
 g - a +0 dagger
   (You took it off a goblin on level 1 of the Dungeon)
 p - a +1 longbow of freezing
   (You found it on level 2 of the Dungeon)
 q - a +1 dagger of pain (weapon)
   (You took it off a kobold on level 2 of the Dungeon)
Jewellery
 k - a +3 ring of strength (left hand)
   (You found it on level 2 of the Dungeon)
Scrolls
 c - 2 scrolls of identify {unknown}
 e - a scroll of random uselessness {unknown}
 h - a scroll of blinking {unknown}
Potions
 f - a potion of flight
Books
 a - a book of Frost
Comestibles
 b - 3 rations
 n - 3 chunks of flesh {@w0}


   Skills:
 - Level 1.7 Dodging
 - Level 1.7 Stealth
 + Level 3.6 Spellcasting
 - Level 1.0 Conjurations
 + Level 4.4 Ice Magic


You had 4 spell levels left.
You knew the following spells:

 Your Spells              Type           Power        Failure   Level  Hunger
a - Freeze                Ice            ###.         1%          1    None
x - Throw Frost           Conj/Ice       ###...       6%          2    ##.....
A - Ozocubu's Armour      Chrm/Ice       ##......     16%         3    ###....


Dungeon Overview and Level Annotations

Branches:
Dungeon (3/15)

Altars:
Cheibriados
Yredelemnul
The Shining One


Innate Abilities, Weirdness & Mutations

Your plain brown scales are hard. (AC +5)
You cannot fit into any form of body armour.
You are cold-blooded and may be slowed by cold attacks.


Message History

You now have 6/8 mp.
Aim: a gnoll, wielding a spear (heavily wounded)
You freeze the gnoll. The gnoll closely misses you.
The gnoll completely misses you.
You now have 5/8 mp.
Aim: a gnoll, wielding a spear (severely wounded)
You freeze the gnoll.
You feel sick. The gnoll misses you.
The gnoll hits you from afar with a spear!
You take 10 damage, and have 23/33 hp.
MASSIVE DAMAGE!!
You now have 4/8 mp.
Unknown command.
Aim: a gnoll, wielding a spear (almost dead)
You freeze the gnoll.
You kill the gnoll!
Cheibriados appreciates the change of pace.
Cheibriados raises the support of your attributes as your movement slows.
The gnoll completely misses you.
You now have 3/9 mp.
You aren't carrying any items that you can evoke.
The gnoll completely misses you. The gnoll hits you with a spear!
Things that are here:
a spear; a scroll labeled VADDUTERUN You take 12 damage, and have 11/33 hp.
MASSIVE DAMAGE!!
Unknown command.
Aim: a gnoll, wielding a spear You freeze the gnoll.
The gnoll closely misses you.
You now have 2/9 mp.
Aim: a gnoll, wielding a spear (moderately wounded)
You freeze the gnoll. The gnoll closely misses you.
Aim: a gnoll, wielding a spear (severely wounded)
You freeze the gnoll.
You kill the gnoll!
Cheibriados appreciates the change of pace.
You feel sick.
You take 1 damage, and have 10/33 hp.
You now have 1/9 mp.
Aim: a gnoll, wielding a flail You freeze the gnoll.
The gnoll hits you with a flail!
* * * LOW HITPOINT WARNING * * *
You take 8 damage, and have 2/33 hp.
MASSIVE DAMAGE!!
You now have 0/9 mp.
Okay, then.
Unknown command.
Unknown command.
You barely miss the gnoll. The gnoll closely misses you.
You hit the gnoll but do no damage. You hit the gnoll but do no damage.
The gnoll misses you.
A bullfrog comes into view.
The bullfrog croaks.
You hit the gnoll.
You kill the gnoll!
Cheibriados appreciates the change of pace.
You hit the gnoll.
You tail-slap the gnoll, but do no damage.
You feel sick.
You are no longer poisoned.
The gnoll misses you.
You take 1 damage, and have 2/33 hp.
Unknown command.
You barely miss the gnoll. The gnoll barely misses you.
You hit the gnoll. You tail-slap the gnoll. The gnoll barely misses you.
The bullfrog swells and bulges.
Aim: a gnoll, wielding a club (heavily wounded)
You freeze the gnoll.
You kill the gnoll!
Cheibriados appreciates the change of pace.
You now have 0/9 mp.
You hit the quokka. The quokka misses you.
You hit the quokka.
You kill the quokka!
Cheibriados appreciates the change of pace.
The bullfrog misses you.
The bullfrog snags a nearby fly with its tongue.
The bullfrog closely misses you.
You see here an adder corpse.
The bullfrog completely misses you.
Okay, then.
Unknown command.
You aren't carrying any items that you can evoke.
As you read the scroll labeled AMONOU MEISEO, it crumbles to dust.
You feel blessed for a moment.
It was a scroll of remove curse.
The bullfrog hits you.
* * * LOW HITPOINT WARNING * * *
The bullfrog completely misses you.
You take 2 damage, and have 1/33 hp.
Okay, then.
Unknown command.
As you read the scroll labeled KECWAO SUGEIZ, it crumbles to dust.
It is a scroll of amnesia.
Okay, then.
The bullfrog completely misses you.
Your magical contamination has completely faded away.
Unknown command.
As you read the scroll labeled YPSALATSOZ, it crumbles to dust.
You feel strangely unstable.
It was a scroll of teleportation.
The bullfrog barely misses you. The bullfrog hits you.
You die...

?.#
#.#
#.#
#.#
#.#
#)#
#)#
#F#
#@#
#.#
#.#
#.#
#.#
#.#
#.#
#.#
#.#


You could see a bullfrog.

Vanquished Creatures
  4 gnolls (D:3)
  4 adders
  An ooze (D:1)
  2 leopard geckos (D:1)
  3 bats
  3 giant cockroaches
  4 goblins
  A hobgoblin (D:1)
  4 jackals
  A quokka (D:3)
  5 frilled lizards
  14 kobolds
  4 rats
50 creatures vanquished.

Notes
Turn   | Place    | Note
-------+----------+-------------------------------------------
     0 | D:1      | mhoghedin the Draconian Ice Elementalist began the quest for the Orb.
     0 | D:1      | Reached XP level 1. HP: 14/14 MP: 3/3
    83 | D:1      | Found a snail-covered altar of Cheibriados.
   116 | D:1      | Became a worshipper of Cheibriados the Contemplative
   122 | D:1      | Reached XP level 2. HP: 19/20 MP: 1/5
   615 | D:1      | Learned a level 2 spell: Throw Frost
   721 | D:1      | Reached XP level 3. HP: 26/26 MP: 2/7
   829 | D:1      | Learned a level 3 spell: Ozocubu's Armour
   883 | D:2      | Reached * piety under Cheibriados
  1001 | D:2      | Found a basalt altar of Yredelemnul.
  1162 | D:2      | Found a glowing golden altar of the Shining One.
  1196 | D:2      | Reached skill level 3 in Spellcasting
  1339 | D:2      | Reached skill level 4 in Ice Magic
  1711 | D:3      | Reached XP level 4. HP: 33/33 MP: 1/8
  1835 | D:3      | Reached ** piety under Cheibriados
  1840 | D:3      | HP: 2/33 [gnoll/flail (8)]
  1844 | D:3      | Noticed a bullfrog
  1845 | D:3      | HP: 2/33 [poisoned by an adder]
  1853 | D:3      | HP: 1/33 [bullfrog (2)]
  1855 | D:3      | Slain by a bullfrog

Vault maps used:
D:1:      tarquinn_simple_flora_water_b, minmay_misc_feat_more_columns,
          minmay_tree_intersection, minmay_misc_feat_secret_circle,
          hangedman_glass_garden, cheibriados_altar_1
D:2:      grunt_temple_overflow_holy_war, minmay_goblin_kobold_house
D:3:      st_stairs_8, dk_noncrumbling_2

Skill      XL: |  1  2  3 |
---------------+----------+-----
Spellcasting   | 3 |  3.6
Ice Magic      | 4 |  4.4
Dodging        | |  1.7
Stealth        | |  1.7
Conjurations   | |  1.0

Action                   |  1- 3 |  4- 6 || total
-------------------------+-------+-------++-------
Melee: Unarmed           |     3 |       ||     3
       Dagger            |    24 |    16 ||    40
       Tailslap          |     3 |     3 ||     6
 Cast: Freeze            |    47 |     9 ||    56
       Throw Frost       |     3 |     4 ||     7
       Ozocubu's Armour  |     1 |     1 ||     2
  Use: Potion            |       |     4 ||     4
       Scroll            |       |     3 ||     3
  Eat: Chunk             |     2 |       ||     2
Armor: Skin              |    20 |     3 ||    23
Dodge: Dodged            |    42 |    46 ||    88

Table legend:
 A = Spawn XP
 B = Non-spawn XP
 C = Spawn XP percentage of total XP
 D = Spawn monster count
 E = Non-spawn monster count
 F = Spawn count percentage of total count
 G = Total turns spent on level
                    A         B        C        D         E        F      G
               +---------+---------+-------+---------+---------+-------+---------
         Total |       0 |     180 |   0.0 |       0 |      50 |   0.0 |  1855
               +---------+---------+-------+---------+---------+-------+---------
           D:1 |       0 |      42 |   0.0 |       0 |      23 |   0.0 |   843
           D:2 |       0 |      49 |   0.0 |       0 |      18 |   0.0 |   865
           D:3 |       0 |      89 |   0.0 |       0 |       9 |   0.0 |   147
               +---------+---------+-------+---------+---------+-------+---------

Vault maps used:
D:1:      tarquinn_simple_flora_water_b, minmay_misc_feat_more_columns,
          minmay_tree_intersection, minmay_misc_feat_secret_circle,
          hangedman_glass_garden, cheibriados_altar_1
D:2:      grunt_temple_overflow_holy_war, minmay_goblin_kobold_house
D:3:      st_stairs_8, dk_noncrumbling_2

Table legend:
 A = Turns spent in this place as a percentage of turns spent in the entire game.
 B = Non-inter-level travel turns spent in this place as a percentage of non-inter-level travel turns spent in the entire game.
 C = Inter-level travel turns spent in this place as a percentage of turns spent in this place.
 D = Turns resting spent in this place as a percentage of non-inter-level travel turns spent in this place.
 E = Turns spent auto-exploring this place as a percentage of non-inter-level travel turns spent in this place.
 F = Non-inter-level travel turns spent in this place divided by the number of levels of this place that you've seen.
                   A       B       C       D       E      F
               +-------+-------+-------+-------+-------+----------------------
         Total | 100.0 | 100.0 |   1.5 |  18.2 |  63.1 | 609.0
       Dungeon | 100.0 | 100.0 |   1.5 |  18.2 |  63.1 | 609.0
               +-------+-------+-------+-------+-------+----------------------

Table legend:
 A = Kills in this place as a percentage of kills in entire the game.
 B = Kills by you in this place as a percentage of kills by you in the entire game.
 C = Kills by friends in this place as a percentage of kills by friends in the entire game.
 D = Other kills in this place as a percentage of other kills in the entire game.
 E = Experience gained in this place as a percentage of experience gained in the entire game.
 F = Experience gained in this place divided by the number of levels of this place that you have seen.
                   A       B       C       D       E      F
               +-------+-------+-------+-------+-------+----------------------
         Total | 100.0 | 100.0 |   N/A |   N/A | 100.0 |  60.0
       Dungeon | 100.0 | 100.0 |   N/A |   N/A | 100.0 |  60.0
               +-------+-------+-------+-------+-------+----------------------
